 Dungeon Crawl Stone Soup version 0.29-a0-284-gf9362112df (webtiles) character file.

Game seed: 4459605307871945309

55 horus123 the Skirmisher (level 3, -4/37 HPs)
             Began as a Troll Gladiator on Mar 28, 2022.
             Was an Initiate of Cheibriados.
             Slain by an orc
             ... wielding a +1 vorpal flail
              (6 damage)
             ... on level 4 of the Dungeon.
             The game lasted 00:01:59 (772 turns).

horus123 the Skirmisher (Troll Gladiator)            Turns: 772, Time: 00:02:00

Health: -4/37      AC:  4    Str: 25    XL:     3   Next: 67%
Magic:  2/2        EV: 14    Int: 11    God:    Cheibriados [......]
Gold:   60         SH:  0    Dex: 12    Spells: 2/2 levels left

rFire   . . .      SeeInvis .     - Unarmed
rCold   . . .      Faith    .   (no shield)
rNeg    . . .      Spirit   .   a - +0 robe
rPois   .          Reflect  .   b - +0 hat
rElec   .          Harm     .   (no cloak)
rCorr   .          Rampage  .   (gloves unavailable)
Will    .....                   (boots unavailable)
Stlth   +.........              (no amulet)
HPRegen 0.92/turn               f - +6 ring of intelligence
MPRegen 0.08/turn               n - +4 ring of evasion

@: very slow
A: large, unfitting armour, claws 3, regeneration 1, shaggy fur 1, tough skin 1
a: Renounce Religion


You were on level 4 of the Dungeon.
You worshipped Cheibriados.
Cheibriados was noncommittal.
You visited 2 branches of the dungeon, and saw 4 of its levels.

You collected 60 gold pieces.

Inventory:

Missiles
 c - 3 throwing nets (quivered)
 d - a large rock
Armour
 a - a +0 robe (worn)
 b - a +0 hat (worn)
Jewellery
 f - a +6 ring of intelligence (left claw)
 n - a +4 ring of evasion (right claw)
Scrolls
 e - 2 scrolls of blinking {unknown}
 j - a scroll of identify {unknown}
 k - a scroll of enchant armour {unknown}
Potions
 g - a potion of mutation {unknown}
 h - a potion of cancellation {unknown}
 i - a potion of degeneration {unknown}
 l - a potion of flight {unknown}
 m - a potion of attraction {unknown}


   Skills:
 + Level 3.3 Fighting
 - Level 1.7 Throwing
 - Level 2.4 Dodging
 - Level 3.0 Unarmed Combat


You had 2 spell levels left.
You didn't know any spells.
Your spell library contained the following spells:

 Spells                   Type           Power      Damage    Failure   Level
 Sublimation of Blood     Necr           0%         N/A       47%         2
 Wereblood                Tmut           0%         N/A       47%         2
 Petrify                  Tmut/Erth      0%         N/A       98%         4
 Irradiate                Conj/Tmut      0%         3d13      100%        5
 Summon Hydra             Summ           0%         N/A       100%        7


Dungeon Overview and Level Annotations

Branches:
Dungeon (4/15)             Temple (1/1) D:4

Altars:
Ashenzari
Cheibriados
Dithmenos
Gozag
Hepliaklqana
Kikubaaqudgha
Nemelex Xobeh
Qazlal
Ru
Sif Muna
Vehumet
Wu Jian
Xom
Zin


Innate Abilities, Weirdness & Mutations

You are too large for most types of armour.
You have claws for hands.
Your natural rate of healing is unusually fast.
You are covered in fur. (AC +1)
You have tough skin. (AC +1)


Message History

The orc priest casts a cantrip, but nothing happens.
The orc priest calls down the wrath of Beogh upon you.
Beogh smites you!
The orc shouts!
There is a staircase to the Ecumenical Temple here.
You claw the orc wizard!
You kill the orc wizard!
Cheibriados thoroughly appreciates the change of pace.
Your Fighting skill increases to level 3!
You scratch the orc.
The orc is lightly wounded.
The orc closely misses you.
You closely miss the orc.
The orc is lightly wounded.
Unknown command.
You closely miss the orc.
The orc is lightly wounded.
The orc closely misses you. The orc misses you. The orc barely misses you.
You scratch the orc.
The orc is heavily wounded.
An orc comes into view. It is wielding a +0 short sword.
The orc hits you with a +0 club. The orc hits you with a +0 whip.
The orc hits you but does no damage. The orc priest barely misses you.
The orc priest mumbles some strange prayers to Beogh against you.
Beogh smites you!
You are too injured to fight recklessly!
You are too injured to fight recklessly!
Unknown command.
You are too injured to fight recklessly!
You claw the orc priest!
The orc priest is severely wounded.
The orc completely misses you. The orc hits you with a +0 whip.
* * * LOW HITPOINT WARNING * * *
The orc hits you with a +0 hand axe.
* * * LOW HITPOINT WARNING * * *
The orc priest invokes the aid of Beogh against you.
Pain shoots through your body!
* * * LOW HITPOINT WARNING * * *
The orc hits you with a +1 vorpal flail.
You die...

.?............
#..........
#..#.#.#
#....).#
##.#.#..#
####.......####
.....#...#....#
...#.......#...
.#....o@o....#.#
$..#..ooo..#...#
##...#...#...##
..[o..o....###
...o#.#.#.##
....#.$.... .o.
##.#...# . .###


You could see 2 orc priests and 5 orcs.

Vanquished Creatures
  An orc wizard (D:4)
  An ufetubus (D:4)
  4 endoplasms (D:1)
  A giant cockroach (D:2)
  4 goblins
  2 hobgoblins (D:1)
  4 jackals (D:2)
  A quokka (D:1)
  2 ball pythons (D:1)
  A bat (D:2)
  2 rats
23 creatures vanquished.

Notes
Turn   | Place    | Note
-------+----------+-------------------------------------------
     0 | D:1      | horus123 the Troll Gladiator began the quest for the Orb.
     0 | D:1      | Reached XP level 1. HP: 19/19 MP: 0/0
   173 | D:1      | Reached XP level 2. HP: 28/28 MP: 1/1
   708 | D:2      | Found an ancient bone altar of Kikubaaqudgha.
   710 | D:2      | You fall into a shaft and drop 2 floors!
   710 | D:4      | Found a staircase to the Ecumenical Temple.
   714 | D:4      | Reached XP level 3. HP: 36/36 MP: 2/2
   725 | Temple   | Entered the Ecumenical Temple
   756 | Temple   | Became a worshipper of Cheibriados the Contemplative
   772 | D:4      | Slain by an orc

Illustrated notes

Levels and vault maps discovered:
D:1:      scummos_arrival_star, layout_basic
D:2:      layout_basic, basic_altar, corexii_leaking_fountain, minmay_tripent
D:4:      layout_rooms, gammafunk_temple_overflow_forgotten,
          minmay_temple_entry_sparse_star
Temple:   eino_temple_lava

Skill      XL: |  1  2  3 |
---------------+----------+-----
Fighting       | 2 3 |  3.3
Throwing       | |  1.7
Dodging        | |  2.4
Unarmed Combat | |  3.0

Action                   || total
-------------------------++-------
Melee: Unarmed           ||    56
 Stab: Sleeping          ||     1
Armor: Robe              ||    15
Dodge: Dodged            ||    33

Table legend: (Time is in decaauts)
 A = Elapsed time spent in this place.
 B = Non-inter-level travel time spent in this place.
 C = Inter-level travel time spent in this place.
 D = Time resting spent in this place.
 E = Time spent auto-exploring this place.
 F = Levels seen in this place.
 G = Mean time per level.
                   A        B        C        D        E       F      G
               +--------+--------+--------+--------+--------+-----+--------+
         Total |    769 |    723 |     46 |      0 |    567 |   4 |  192.2 |
       Dungeon |    726 |    691 |     35 |      0 |    557 |   3 |  242.0 |
        Temple |     42 |     31 |     11 |      0 |     10 |   1 |   42.0 |
               +--------+--------+--------+--------+--------+-----+--------+

Top non-repeatable levels by time:
     D:1: 595 daAuts
     D:2: 111 daAuts
  Temple: 42 daAuts
     D:4: 20 daAuts
